 Dungeon Crawl Stone Soup version 0.25-a0-317-g5f8687bca5 (webtiles) character file.

Game seed: 17162986085758602567, levelgen mode: deterministic

50 Esekla the Sneak (level 3, -7/18 HPs)
             Began as a Vine Stalker Assassin on Dec 27, 2019.
             Mangled by a crocodile (15 damage)
             ... in a sewer.
             The game lasted 00:08:33 (881 turns).

Esekla the Sneak (Vine Stalker Assassin)             Turns: 881, Time: 00:08:33

Health: -7/18      AC:  3    Str: 13    XL:     3   Next: 79%
Magic:  0/5        EV: 11    Int: 12    God:
Gold:   70         SH:  4    Dex: 15    Spells: 4/4 levels left

rFire    . . .     SeeInvis .   a - +2 dagger
rCold    . . .     Gourm    .   (no shield)
rNeg     . . .     Faith    .   b - +0 robe
rPois    .         Spirit   +   (no helmet)
rElec    .         Reflect  +   c - +0 cloak
rCorr    .         Harm     .   (no gloves)
MR       .....                  (no boots)
Stlth    ++++......             n - +4 amulet of reflection
HPRegen  0.06/turn              p - ring of stealth
MPRegen  0.09/turn              (no ring)

@: no status effects
A: fangs 2, magic shield, antimagic bite, no potion heal 3, rot immunity
a: no special abilities


You were in a sewer.
You were not hungry.

You visited 1 branch of the dungeon, and saw 3 of its levels.
You also visited: Sewer.

You collected 70 gold pieces.

Inventory:

Hand Weapons
 a - a +2 dagger (weapon)
Missiles
 d - 3 poisoned darts (quivered)
 e - 2 curare-tipped darts
 h - 3 boomerangs
Armour
 b - a +0 robe (worn)
 c - a +0 cloak (worn)
Jewellery
 n - a +4 amulet of reflection (around neck)
 p - a ring of stealth (left hand)
Scrolls
 i - 2 scrolls of immolation
 m - a scroll of remove curse
 o - a scroll of teleportation {unknown}
Potions
 g - a potion of haste {unknown}
 j - a potion of might
 k - a potion of heal wounds {unknown}
 q - a potion of degeneration {unknown}
 r - a potion of flight
Comestibles
 f - 4 rations


   Skills:
 + Level 1.8 Fighting
 * Level 2.5 Short Blades
 + Level 2.0 Throwing
 + Level 0.8 Dodging
 + Level 5.5 Stealth
 * Level 1.1 Spellcasting


You had 4 spell levels left.
You didn't know any spells.
Your spell library was empty.

Dungeon Overview and Level Annotations

Branches:
Dungeon (3/15)              Sewer (1/1)

Altars:


Innate Abilities, Weirdness & Mutations

You have extremely sharp teeth.
When hurt, damage is shared between your health and your magic reserves.
Your bite disrupts and absorbs the magic of your enemies.
Potions cannot restore your health.
You are immune to rotting.


Message History

You hit the crocodile. You bite the crocodile. You drain its power.
The crocodile is lightly wounded.
You hit the crocodile but do no damage.
The crocodile is lightly wounded.
The crocodile bites you but does no damage.
You hit the crocodile.
The crocodile is moderately wounded.
You block the crocodile's attack.
You hit the crocodile.
You bite the crocodile, but do no damage.
The crocodile is moderately wounded.
The crocodile bites you!
Ouch! That really hurt!
The crocodile looks more healthy.
You hit the crocodile but do no damage.
The crocodile is moderately wounded.
The crocodile bites you. The crocodile bites you!
Ouch! That really hurt!
You die...

## .#### .##≈# .##≈#
###≈# ######## .##≈##
###.≈@t≈.### (#.≈.#
###..≈≈≈≈....### $
..)≈.#
###..≈≈.####≈...(##≈!
...≈.###.....###
###≈....##
##)≈≈≈...≈.≈##
#≈≈.≈((
...≈.###...≈.###
###.....## .(.≈.#
###..≈..####.≈..≈##≈?
.#.≈.#
###.≈≈..≈≈...### $
.##≈## ###....≈.###


You could see a crocodile.

Vanquished Creatures
  2 adders (D:3)
  A worm (D:3)
  A dart slug (D:2)
  2 orcs (D:3)
  3 giant cockroaches
  A goblin (D:2)
  A hobgoblin (D:3)
  4 jackals
  3 kobolds (Sewer)
  3 bats (D:3)
  2 frilled lizards (D:3)
23 creatures vanquished.

Notes
Turn   | Place    | Note
-------+----------+-------------------------------------------
     0 | D:1      | Esekla the Vine Stalker Assassin began the quest for the
                  | Orb.
     0 | D:1      | Reached XP level 1. HP: 11/11 MP: 2/2
   212 | D:3      | Reached skill level 5 in Stealth
   212 | D:3      | Reached XP level 2. HP: 15/15 MP: 4/4
   395 | D:3      | Reached skill level 1 in Spellcasting
   395 | D:3      | Reached XP level 3. HP: 6/18 MP: 3/5
   773 | D:3      | Found a glowing drain.
   789 | Sewer    | Entered a sewer
   850 | Sewer    | Noticed a crocodile
   881 | Sewer    | Mangled by a crocodile

Levels and vault maps discovered:
D:1:      minmay_arrival_up_and_down, layout_loops_corners
D:2:      layout_basic, lemuel_zombie_altar_yredelemnul, chequers_garden,
          uniq_terence, uniq_crazy_yiuf_cottage
D:3:      layout_loops_corners, cheibrodos_sewer_entry_bend
Sewer:    sewer_the_crocodile

Skill      XL: |  1  2 |
---------------+-------+-----
Short Blades   | 2 |  2.5
Stealth        | 5 |  5.5
Throwing       | 2 |  2.0
Spellcasting   | 1 |  1.1
Fighting       | |  1.8
Dodging        | |  0.8

Action                   || total
-------------------------++-------
Melee: Dagger            ||    49
       Bite              ||     7
Throw: Dart              ||    13
  Use: Scroll            ||     5
 Stab: Sleeping          ||     7
       Distracted        ||     1
Armor: Robe              ||     8
Dodge: Dodged            ||    31
Block: Other             ||     2
       Reflection        ||     1

Table legend:
 A = Non-vault XP
 B = Vault XP
 C = Vault XP percentage of total XP
 D = Non-vault monster count
 E = Vault monster count
 F = Vault count percentage of total count
                 A         B        C        D         E       F
            +---------+---------+-------+---------+---------+-------
      Total |      64 |       8 |  11.1 |      18 |       5 |  21.7
            +---------+---------+-------+---------+---------+-------
        D:2 |       8 |       0 |   0.0 |       3 |       0 |   0.0
        D:3 |      56 |       0 |   0.0 |      15 |       0 |   0.0
      Sewer |       0 |       8 | 100.0 |       0 |       5 | 100.0
            +---------+---------+-------+---------+---------+-------
